 Dungeon Crawl Stone Soup version 0.31-a0-164-g2312942fda (webtiles) character file.

Game seed: 7821296195319129923

2526 dohliylev the Grappler (level 9, -1/83 HPs)
             Began as a Troll Warper on May 25, 2023.
             Killed from afar by an orc wizard (9 damage)
             ... with a puff of flame
             ... on level 7 of the Dungeon on June 13, 2023.
             The game lasted 00:11:57 (5533 turns).

dohliylev the Grappler (Troll Warper)               Turns: 5533, Time: 00:11:57

Health: -1/83      AC: 15    Str: 25    XL:     9   Next: 29%
Magic:  10/10      EV:  7    Int:  9    God:
Gold:   307        SH:  0    Dex:  9    Spells: 10/10 levels left

rFire   . .          .
                       - Unarmed
rCold   . . .        (no shield)
rNeg    . . .        s - +0 storm dragon scales
rPois   .            (helmet restricted)
rElec   +            w - +0 cloak
rCorr   .            (gloves unavailable)
SInv    .            (boots unavailable)
Will    .....        l - amulet of magic regeneration Stlth
                     (no ring)
HPRegen 1.13/turn    (no ring)
MPRegen 0.52/turn

%: no passive effects
@: lethally poisoned (-1 -> -1)
A: large, unfitting armour, claws 3, regeneration 1, shaggy fur 1, tough skin 1
a: no special abilities


You were on level 7 of the Dungeon.
You visited 1 branch of the dungeon, and saw 7 of its levels.
You also visited: Sewer.

You collected 307 gold pieces.

Inventory:

Missiles
 c - 7 boomerangs of dispersal (quivered)
Armour
 s - +0 storm dragon scales (worn)
 w - a +0 cloak (worn)
Jewellery
 a - a +5 ring of evasion
 l - an amulet of magic regeneration (around neck)
Wands
 f - a wand of polymorph (11)
 y - a wand of flame (45)
 z - a wand of iceblast (11)
Scrolls
 b - 2 scrolls of blinking
 e - 2 scrolls of enchant armour
 h - 5 scrolls of identify
 i - 3 scrolls of teleportation
 o - a scroll of fog {unknown}
 r - a scroll of poison {unknown}
Potions
 d - a potion of resistance {unknown}
 g - 2 potions of berserk rage {unknown}
 j - 5 potions of curing
 k - 2 potions of haste {unknown}
 m - 2 potions of magic {unknown}
 n - a potion of ambrosia {unknown}
 p - a potion of attraction {unknown}
 q - 2 potions of heal wounds
 t - a potion of cancellation {unknown}
 u - a potion of degeneration {unknown}
 v - a potion of lignification {unknown}
 x - a potion of enlightenment {unknown}


   Skills:
 + Level 3.3 Fighting
 + Level 0.8 Throwing
 + Level 4.6 Armour
 + Level 3.8 Dodging
 - Level 0.7 Stealth
 + Level 9.7 Unarmed Combat
 - Level 1.4 Spellcasting
 - Level 2.4 Translocations


You had 10 spell levels left.
You didn't know any spells.
Your spell library contained the following spells:

 Spells                   Type           Power      Damage    Failure   Level
 Blink                    Tloc           10%        N/A       77%         2
 Lesser Beckoning         Tloc           10%        N/A       77%         2
 Teleport Other           Tloc           5%         N/A       94%         3
 Vhi's Electric Charge    Tloc/Air       4%         N/A       99%         3
 Manifold Assault         Tloc           5%         N/A       100%        4


Dungeon Overview and Level Annotations

Branches:
Dungeon (7/15)             Temple (0/1) D:6           Sewer (visited)

Altars:
Dithmenos
Elyvilon
Fedhas
Makhleb
Nemelex Xobeh
Uskayaw

Shops:
D:6 [[=


Innate Abilities, Weirdness & Mutations

You are too large for most types of armour.
You have claws for hands.
Your natural rate of healing is unusually fast.
You are covered in fur. (AC +1)
You have tough skin. (AC +1)


Message History

The water moccasin bites you but does no damage.
The water moccasin barely misses you. The wight hits you but does no damage.
The orc wizard barely misses you. The water moccasin bites you.
You claw the wight!
You destroy the wight!
You feel sick. The water moccasin bites you. x2
* * * LOW HITPOINT WARNING * * *
You are more poisoned.
The water moccasin poisons you!
The water moccasin bites you but does no damage.
The wight hits you but does no damage.
The orc wizard points at you and mumbles some strange words.
The puff of flame hits you.
* * * LOW HITPOINT WARNING * * *
Blink to where?
Press: ? - help, Dir - move target A hound, an orc wizard and 3 orcs come into view.
Found a leather armour.
As you read the scroll of blinking, it crumbles to dust.
You feel very sick.
The orc wizard shouts!
The orc shouts! x2
The orc barely misses you.
As you read the scroll of teleportation, it crumbles to dust.
You feel strangely unstable.
You feel very sick. The orc barely misses you.
Blink to where?
Press: ? - help, Dir - move target
Found a scroll of identify.
As you read the scroll of blinking, it crumbles to dust.
You feel sick.
Your surroundings suddenly seem different.
Found 16 gold pieces.
You feel sick.
The orc wizard points at you and mumbles some strange words.
The magic dart hits you!
* * * LOW HITPOINT WARNING * * *
You feel sick.
The orc wizard gestures at you while chanting.
The puff of flame hits you!
You die...

.......................
.......................#
.........o..........$..#
........................
......S(....S...........
....zz.....S............
....J...................
.......................#
................@......#
........................
........................
...................###..
...................# .
...................#
#.##.........###....
#.##......... ......
#.##........


You could see 2 water moccasins and an orc wizard.

Vanquished Creatures
  Joseph (D:7)
  Grinder (D:3)
  Eustachio (D:6)
  The ghost of bmj180 the Firebug, an amateur DrFE (D:4)
  Duvessa (D:4)
  A water moccasin (D:5)
  3 black bears
  An ice beast (D:5)
  2 ogres
  A phantom (D:5)
  A bullfrog (D:6)
  2 scorpions
  A wight (D:7)
  Dowan (D:4)
  3 hounds
  A jelly (D:5)
  2 orc priests (D:6)
  Crazy Yiuf (D:4)
  Ijyb (D:5)
  7 iguanas
  4 gnolls (D:4)
  12 adders
  A shadow imp (D:7)
  An ufetubus (D:5)
  3 worms
  2 dart slugs (D:1)
  12 orcs
  7 ball pythons
  8 bats
  11 endoplasms
  5 giant cockroaches
  6 goblins
  5 hobgoblins
  10 kobolds
  4 quokkas
  3 frilled lizards
  8 rats
135 creatures vanquished.

Notes
Turn   | Place    | Note
-------+----------+-------------------------------------------
     0 | D:1      | dohliylev the Troll Warper began the quest for the Orb.
     0 | D:1      | Reached XP level 1. HP: 19/19 MP: 1/1
   170 | D:1      | Found a faded altar of an unknown god.
   180 | D:1      | Reached XP level 2. HP: 27/27 MP: 3/3
   455 | D:1      | Reached XP level 3. HP: 33/33 MP: 4/4
  1412 | D:3      | Noticed Grinder
  1425 | D:3      | Paralysed by Grinder for 2 turns
  1429 | D:3      | Killed Grinder
  1430 | D:3      | Reached skill level 4 in Unarmed Combat
  1430 | D:3      | Reached XP level 4. HP: 42/42 MP: 5/5
  1430 | D:3      | Reached XP level 5. HP: 49/49 MP: 6/6
  1571 | D:3      | Found a glowing drain.
  1582 | Sewer    | Entered a sewer
  1588 | Sewer    | Reached XP level 6. HP: 57/57 MP: 7/7
  2417 | D:4      | Reached skill level 5 in Unarmed Combat
  2589 | D:4      | Noticed Duvessa
  2602 | D:4      | Killed Duvessa
  2615 | D:4      | Noticed Dowan
  2637 | D:4      | Killed Dowan
  2687 | D:4      | Reached XP level 7. HP: 60/65 MP: 8/8
  2705 | D:4      | Reached skill level 6 in Unarmed Combat
  2758 | D:4      | Found a burning altar of Makhleb.
  2819 | D:4      | Found a runed translucent gate.
  2820 | D:4      | Found a runed translucent gate.
  2820 | D:4      | Noticed bmj180's ghost (amateur DrFE)
  2899 | D:4      | Found a runed translucent gate.
  3159 | D:4      | Found a runed translucent door.
  3160 | D:4      | Noticed Crazy Yiuf
  3379 | D:4      | Reached skill level 1 in Armour
  3526 | D:4      | Killed bmj180's ghost
  3670 | D:4      | Killed Crazy Yiuf
  3732 | D:5      | Entered Level 5 of the Dungeon
  3767 | D:5      | Reached skill level 7 in Unarmed Combat
  3789 | D:5      | Reached XP level 8. HP: 64/74 MP: 9/9
  3885 | D:5      | Noticed Ijyb
  3895 | D:5      | Killed Ijyb
  3946 | D:5      | Found a white marble altar of Elyvilon.
  3949 | D:5      | Found a blossoming altar of Fedhas.
  3951 | D:5      | Found a shadowy altar of Dithmenos.
  3954 | D:5      | Found a sparkling altar of Nemelex Xobeh.
  3954 | D:5      | Found a hide-covered altar of Uskayaw.
  4290 | D:5      | Reached skill level 8 in Unarmed Combat
  4656 | D:6      | Identified the +1 robe of the Dragon {-Cast rC+ Str+2
                  | Dex+3}
  4698 | D:6      | Identified the +4 hand axe of the Other Side {elec, rElec
                  | SInv}
  4763 | D:6      | Upgraded the game from 0.31-a0-95-g6fa058ef04 to
                  | 0.31-a0-121-g1e386dd289
  4763 | D:6      | Upgraded the game from 0.31-a0-121-g1e386dd289 to
                  | 0.31-a0-164-g2312942fda
  4764 | D:6      | Found Vexipp's Jewellery Boutique.
  4946 | D:6      | Found a staircase to the Ecumenical Temple.
  4951 | D:6      | Reached skill level 9 in Unarmed Combat
  4970 | D:6      | Found Cefa's Armour Shoppe.
  5010 | D:6      | Found Oschun's Armour Shoppe.
  5230 | D:6      | Reached XP level 9. HP: 78/81 MP: 10/10
  5297 | D:6      | Noticed Eustachio
  5305 | D:6      | Killed Eustachio
  5508 | D:7      | Noticed Joseph
  5527 | D:7      | Killed Joseph
  5533 | D:7      | Killed from afar by an orc wizard

Illustrated notes

Levels and vault maps discovered:
D:1:      dpeg_arrival_ternary, layout_basic, hellmonk_ecumenical_altar_lost_god
D:2:      layout_basic, kennysheep_generic_room_13
D:3:      layout_basic, portal_sewer_entry_d, minmay_unequal, uniq_grinder
D:4:      layout_loops_corners, lightli_temple_of_fire, gammafunk_ghost_split,
          uniq_duvessa, uniq_crazy_yiuf_cottage
D:5:      minmay_opposing_rooms, layout_basic, grunt_temple_overflow_open,
          minmay_holes, uniq_ijyb
D:6:      layout_basic, minmay_temple_entry_butterflies, serial_shops, shop,
          shop, kennysheep_mini_moat, hex_intersection, chequers_jeans,
          uniq_eustachio
D:7:      layout_basic, overflow_temple_1_default, kennysheep_boxes, uniq_joseph

Skill      XL: |  1  2  3  4  5  6  7  8 |
---------------+-------------------------+-----
Dodging        | 2 3 |  3.8
Unarmed Combat | 4 5 7 9 |  9.7
Fighting       | 2 3 |  3.3
Armour         | 2 4 |  4.6
Throwing       | |  0.8
Stealth        | |  0.7
Spellcasting   | |  1.4
Translocations | |  2.4

Action                     |  1- 3 |  4- 6 |  7- 9 || total
---------------------------+-------+-------+-------++-------
  Melee: Unarmed           |   129 |    99 |   233 ||   461
         Punch             |     1 |     4 |     7 ||    12
  Evoke: Wand              |       |       |     2 ||     2
    Use: Scroll            |     5 |       |     3 ||     8
   Stab: Sleeping          |     1 |       |       ||     1
 Armour: Robe              |    61 |     7 |       ||    68
         Skin              |     4 |       |       ||     4
         Storm dragon scal |       |    38 |   155 ||   193
  Dodge: Dodged            |    59 |    36 |    64 ||   159

Table legend: (Time is in decaauts)
 A = Elapsed time spent in this place.
 B = Non-inter-level travel time spent in this place.
 C = Inter-level travel time spent in this place.
 D = Time resting spent in this place.
 E = Time spent auto-exploring this place.
 F = Levels seen in this place.
 G = Mean time per level.
                   A        B        C        D        E       F      G
               +--------+--------+--------+--------+--------+-----+--------+
         Total |   5485 |   5210 |    275 |    105 |   3976 |   8 |  685.6 |
       Dungeon |   5218 |   4943 |    275 |    105 |   3796 |   7 |  745.4 |
         Sewer |    266 |    266 |      0 |      0 |    180 |   1 |  266.0 |
               +--------+--------+--------+--------+--------+-----+--------+

Top non-repeatable levels by time:
     D:4: 1323 daAuts
     D:6: 883 daAuts
     D:5: 840 daAuts
     D:2: 739 daAuts
     D:3: 715 daAuts
     D:1: 662 daAuts
   Sewer: 266 daAuts
     D:7: 52 daAuts
